 Dungeon Crawl Stone Soup version 0.28-a0-1348-g050f3537b9 (webtiles) character file.

Game seed: 1072794971964950929

5684 Deminshera the Cleaver (level 10, -6/96 HPs)
             Began as a Deep Dwarf Fighter on Dec 30, 2021.
             Was an Initiate of Makhleb.
             Mangled by a two-headed ogre (30 damage)
             ... on level 9 of the Dungeon.
             The game lasted 00:16:26 (7084 turns).

Deminshera the Cleaver (Deep Dwarf Fighter)         Turns: 7084, Time: 00:16:27

Health: -6/96      AC: 13    Str: 25    XL:     10   Next: 47%
Magic:  2/2        EV: 18    Int:  8    God:    Makhleb [......]
Gold:   396        SH: 11    Dex: 12    Spells: 6/9 levels left

rFire   . . .      SeeInvis .   C - +3 war axe
rCold   . . .      Faith    .   c - +1 buckler
rNeg    + . .      Spirit   .   q - +2 scale mail {rN+}
rPois   .          Reflect  +   l - +0 helmet
rElec   .          Harm     .   (no cloak)
rCorr   .          Rampage  .   (no gloves)
Will    +....                   A - +0 pair of boots
Stlth   ..........              b - amulet of reflection
HPRegen 0.00/turn               j - +4 ring of evasion
MPRegen 0.08/turn               v - +4 ring of evasion

@: no status effects
A: damage resistance, heal wounds, sense surroundings 2, no regeneration
a: Heal Wounds, Renounce Religion


You were on level 9 of the Dungeon.
You worshipped Makhleb.
Makhleb was noncommittal.
You visited 2 branches of the dungeon, and saw 10 of its levels.
You also visited: Sewer.

You collected 396 gold pieces.

Inventory:

Hand Weapons
 B - a +7 hand axe
 C - a +3 war axe (weapon)
Armour
 c - a +1 buckler (worn)
 l - a +0 helmet (worn)
 q - a +2 scale mail of positive energy (worn)
 A - a +0 pair of boots (worn)
Jewellery
 a - a ring of ice
 b - an amulet of reflection (around neck)
 j - a +4 ring of evasion (left hand)
 v - a +4 ring of evasion (right hand)
 z - a ring of poison resistance
 E - an amulet of faith
Wands
 d - a wand of polymorph (1)
 u - a wand of flame (6)
 w - a wand of iceblast (8)
Scrolls
 e - a scroll of fog
 k - a scroll of silence
 m - a scroll of blinking
 n - 5 scrolls of teleportation
 x - 3 scrolls of vulnerability
Potions
 f - a potion of berserk rage {unknown}
 g - a potion of lignification {unknown}
 h - a potion of degeneration
 i - a potion of flight
 o - 4 potions of curing {unknown}
 s - 3 potions of heal wounds
 t - a potion of invisibility {unknown}


   Skills:
 + Level 7.8 Fighting
 - Level 9.4(10.1) Axes
 + Level 5.1(7.5) Maces & Flails
 + Level 9.4 Armour
 - Level 6.3 Shields


You had 6 spell levels left.
You knew the following spells:

 Your Spells              Type           Power      Damage    Failure   Level
a - Vampiric Draining     Necr           0%         2d6       95%         3

Your spell library contained the following spells:

 Spells                   Type           Power      Damage    Failure   Level
 Animate Skeleton         Necr           0%         N/A       65%         1
 Foxfire                  Conj/Fire      0%         2x1d4     65%         1
 Pain                     Necr           0%         1d4       65%         1
 Shock                    Conj/Air       0%         1d3       65%         1
 Frozen Ramparts          Ice            0%         1d2       95%         3
 Swiftness                Air            0%         N/A       95%         3
 Airstrike                Air            0%         N/A       100%        4
 Ice Form                 Ice/Tmut       0%         N/A       100%        4
 Summon Ice Beast         Ice/Summ       0%         N/A       100%        4
 Dispersal                Tloc           0%         N/A       100%        6
 Disjunction              Tloc           0%         N/A       100%        8


Dungeon Overview and Level Annotations

Branches:
Dungeon (9/15)             Temple (1/1) D:7            Lair (0/6) D:8
  Sewer (visited)
    Orc: D:9-12

Altars:
Ashenzari
Cheibriados
Dithmenos
Elyvilon
Fedhas
Gozag
Hepliaklqana
Kikubaaqudgha
Makhleb
Nemelex Xobeh
Okawaru
Qazlal
Ru
Trog
Uskayaw
Vehumet
Xom
Yredelemnul
Zin
The Shining One

Shops:
D:4 ([**   D:6 =   D:8 *


Innate Abilities, Weirdness & Mutations

You are resistant to damage.
You can heal yourself by infusing magical energy.
You passively map the area around you.
You do not regenerate.


Message History

Found a shadowy altar of Dithmenos.
There is a stone staircase leading up here.
You open the door.
There is an open door here.
Found a fuming emerald potion.
A two-headed ogre comes into view.
It is wielding a +0 giant club and a +0 giant spiked club.
The two-headed ogre shouts in stereo!
The two-headed ogre closely misses you.
The two-headed ogre hits you but does no damage.
You slash the two-headed ogre!
The two-headed ogre is moderately wounded.
You hit the two-headed ogre.
The two-headed ogre is moderately wounded.
The two-headed ogre barely misses you.
The two-headed ogre completely misses you.
You slash the two-headed ogre!
The two-headed ogre is heavily wounded.
The two-headed ogre hits you with a +0 giant club!!
The two-headed ogre completely misses you.
You hit the two-headed ogre.
The two-headed ogre is heavily wounded.
The two-headed ogre closely misses you.
The two-headed ogre hits you with a +0 giant spiked club!
You slash the two-headed ogre!
The two-headed ogre is severely wounded.
You closely miss the two-headed ogre.
The two-headed ogre is severely wounded.
The two-headed ogre misses you. The two-headed ogre closely misses you.
You barely miss the two-headed ogre.
The two-headed ogre is severely wounded.
The two-headed ogre hits you with a +0 giant club.
The two-headed ogre hits you with a +0 giant spiked club!
* * * LOW HITPOINT WARNING * * *
You hit the two-headed ogre.
The two-headed ogre is severely wounded.
You block the two-headed ogre's attack. The two-headed ogre misses you.
You barely miss the two-headed ogre.
The two-headed ogre is severely wounded.
The two-headed ogre hits you with a +0 giant club!!
You die...

, , , , , * #......#
, ,, ,
,*......####** *,, ,
, >,,, .......... ,
, * ,........., , ,
, ,, , ....... , ,
,, ,, , ,, #.... , ,
, ,,#.O#* * * , ,
#@.#, , , *
*#######..+ , ,* **
.........#, , , ,
.!.......######+#..,
, ,
...................
*, , ** *
####..#####'#.....
*,, , , .....#.....#
+### * ,
.#§#.#.....#,
.*§§.##...<.# * ,


You could see a two-headed ogre.

Vanquished Creatures
  Pikel (D:7)
  2 komodo dragons (D:8)
  2 yaks
  A wyvern (D:7)
  Eustachio (D:6)
  A steam dragon (Temple)
  Menkaure (D:7)
  An acid dragon (D:8)
  5 water moccasins (D:8)
  2 ice beasts
  3 sky beasts
  An orc warrior (D:7)
  2 ogres
  A black bear (D:8)
  A centaur (D:6)
  2 phantoms
  2 lemures (D:7)
  3 bullfrogs
  4 scorpions
  A wyvern zombie (D:7)
  5 killer bees (D:8)
  14 wights
  A bullfrog zombie (D:5)
  2 electric eels (D:7)
  4 orc priests
  A jelly (D:7)
  A centaur skeleton (D:6)
  A bullfrog skeleton (D:5)
  2 hounds
  A gnoll shaman (D:8)
  3 iron imps (D:8)
  2 iguanas
  3 orc wizards
  Terence (D:2)
  A killer bee zombie (D:8)
  A howler monkey zombie (D:5)
  3 gnolls (D:8)
  3 river rats (Sewer)
  10 adders
  A shadow imp (D:6)
  A white imp (D:7)
  A worm (D:2)
  A dart slug (D:5)
  22 orcs
  5 ball pythons
  9 bats
  10 endoplasms
  A giant cockroach (D:2)
  8 goblins
  4 hobgoblins
  11 jackals
  7 kobolds
  3 quokkas
  7 frilled lizards
  8 rats
195 creatures vanquished.

Vanquished Creatures (others)
  48 fungi
  36 plants
84 creatures vanquished.

Grand Total: 279 creatures vanquished

Notes
Turn   | Place    | Note
-------+----------+-------------------------------------------
     0 | D:1      | Deminshera the Deep Dwarf Fighter began the quest for the
                  | Orb.
     0 | D:1      | Reached XP level 1. HP: 20/20 MP: 1/1
   146 | D:1      | Reached XP level 2. HP: 16/27 MP: 2/2
   375 | D:1      | Found a faded altar of an unknown god.
   382 | D:1      | Got Plato's Reference Book on Attacks
   575 | D:1      | Reached XP level 3. HP: 30/34 MP: 3/3
   784 | D:2      | Noticed Terence
   791 | D:2      | Killed Terence
   904 | D:2      | Reached XP level 4. HP: 31/42 MP: 4/4
  1318 | D:3      | Found an iron altar of Okawaru.
  2137 | D:4      | HP: 2/42 [spore (29)]
  2138 | D:4      | Reached XP level 5. HP: 2/49 MP: 5/5
  2224 | D:4      | Found a broken altar of Ashenzari.
  2273 | D:4      | Reached XP level 6. HP: 31/57 MP: 5/5
  2391 | D:4      | Found a glowing silver altar of Zin.
  2435 | D:4      | Found Heluczer's Weapon Shop.
  2435 | D:4      | Found Ycon's General Store.
  2469 | D:4      | Found a glowing drain.
  2485 | Sewer    | Entered a sewer
  2916 | D:4      | Found Folorph's Antique Armour Shop.
  2919 | D:4      | Found Fuxer's Assorted Antiques.
  3089 | D:4      | Reached skill level 5 in Axes
  3299 | D:5      | Entered Level 5 of the Dungeon
  3299 | D:5      | Noticed a sky beast
  3309 | D:5      | Killed a sky beast
  3310 | D:5      | Reached XP level 7. HP: 47/64 MP: 5/5
  3321 | D:5      | Reached skill level 5 in Armour
  3340 | D:5      | Learned a level 3 spell: Vampiric Draining
  3382 | D:5      | Reached skill level 5 in Shields
  3854 | D:6      | Found Ziudusyi's Jewellery Shop.
  3910 | D:6      | Reached XP level 8. HP: 12/73 MP: 5/5
  4050 | D:6      | Noticed Eustachio
  4065 | D:6      | Killed Eustachio
  4066 | D:6      | Reached skill level 5 in Fighting
  4482 | D:7      | Found a staircase to the Ecumenical Temple.
  4495 | Temple   | Entered the Ecumenical Temple
  5025 | D:7      | Noticed Pikel
  5043 | D:7      | Gained mutation: You passively map the area around you.
                  | [Deep Dwarf growth]
  5043 | D:7      | Reached XP level 9. HP: 72/81 MP: 5/5
  5066 | D:7      | Killed Pikel
  5261 | D:7      | Noticed Menkaure
  5269 | D:7      | Reached skill level 1 in Maces & Flails
  5276 | D:7      | Killed Menkaure
  5781 | D:8      | Noticed a komodo dragon
  5781 | D:8      | Noticed a komodo dragon
  5843 | D:8      | Killed a komodo dragon
  5844 | D:8      | Reached XP level 10. HP: 62/94 MP: 5/5
  5877 | D:8      | Found a staircase to the Lair.
  5964 | D:8      | Found a sacrificial altar of Ru.
  6153 | D:8      | Found Ziafyuho's General Store.
  6237 | D:8      | Found a burning altar of Makhleb.
  6266 | D:8      | Became a worshipper of Makhleb the Destroyer
  6551 | D:8      | Found a basalt altar of Yredelemnul.
  6559 | D:8      | Reached skill level 5 in Maces & Flails
  7063 | D:9      | Found a shadowy altar of Dithmenos.
  7073 | D:9      | Noticed a two-headed ogre
  7084 | D:9      | Mangled by a two-headed ogre

Illustrated notes

Levels and vault maps discovered:
D:1:      dpeg_arrival_houses_and_road, layout_loops_ring,
          shapermc_ecumenical_altar_rom_forum
D:2:      layout_loops_ring, uniq_terence
D:3:      layout_loops_corners, mainiacjoe_overflow_boulevard,
          minmay_misc_feat_pillars
D:4:      layout_basic, zin_academy, evilmike_ruin_ashenzari,
          portal_sewer_entry_d, minmay_shop_grid_forest, lemuel_another_geyser
D:5:      layout_cave_pools, ebering_dispersal_statue_hall
D:6:      layout_loops_ring, serial_shops, nicolae_shop_crystal, uniq_eustachio
D:7:      layout_basic, minmay_temple_entry_arrows, water_maze_lemuel,
          uniq_pikel, uniq_menkaure
D:8:      layout_basic, demons_altar, mainiacjoe_overflow_small_starburst,
          lemuel_doored_altar, due_lair_maze_entry_diamond, serial_shops,
          kennysheep_mini_moat, serial_glass, glass_columns_c, glass_columns_c,
          glass_columns_a, glass_columns_a, glass_columns_c, glass_columns_a
D:9:      layout_irregular_city, grunt_dithmenos_smoke_and_mirrors,
          mainiacjoe_overflow_divided_tiny, hiddenorc2_lemuel, enter_bailey_5
Temple:   nicolae_temple_figure_eight

Skill      XL: |  1  2  3  4  5  6  7  8  9 10 |
---------------+-------------------------------+-----
Fighting       | 3 4 5 7 |  7.8
Axes           | 3 4 5 6 8 9 |  9.4
Armour         | 4 5 6 8 9 |  9.4
Shields        | 4 5 6 |  6.3
Maces & Flails | 3 5 |  5.1

Action                   |  1- 3 |  4- 6 |  7- 9 | 10-12 || total
-------------------------+-------+-------+-------+-------++-------
Melee: War axe           |    90 |       |       |    92 ||   182
       Hand axe          |     4 |   175 |   336 |    54 ||   569
 Abil: Heal Wounds       |     1 |     3 |    10 |     9 ||    23
  Use: Scroll            |       |     7 |     1 |     7 ||    15
       Potion            |       |       |     5 |       ||     5
Armor: Scale mail        |    49 |    53 |    56 |    17 ||   175
Dodge: Dodged            |    53 |    98 |   208 |    85 ||   444
Block: Buckler           |    21 |    42 |    98 |    48 ||   209

Table legend: (Time is in decaauts)
 A = Elapsed time spent in this place.
 B = Non-inter-level travel time spent in this place.
 C = Inter-level travel time spent in this place.
 D = Time resting spent in this place.
 E = Time spent auto-exploring this place.
 F = Levels seen in this place.
 G = Mean time per level.
                   A        B        C        D        E       F      G
               +--------+--------+--------+--------+--------+-----+--------+
         Total |   7175 |   6774 |    401 |    600 |   4219 |  11 |  652.3 |
       Dungeon |   6425 |   6033 |    392 |    600 |   3765 |   9 |  713.9 |
        Temple |    258 |    249 |      9 |      0 |    197 |   1 |  258.0 |
         Sewer |    492 |    492 |      0 |      0 |    256 |   1 |  492.0 |
               +--------+--------+--------+--------+--------+-----+--------+

Top non-repeatable levels by time:
     D:8: 1303 daAuts
     D:7: 937 daAuts
     D:3: 862 daAuts
     D:4: 810 daAuts
     D:6: 728 daAuts
     D:1: 671 daAuts
     D:2: 587 daAuts
   Sewer: 492 daAuts
     D:5: 491 daAuts
  Temple: 258 daAuts
     D:9: 32 daAuts
